 Dungeon Crawl Stone Soup version 0.28-a0-479-g5baa6b73be (webtiles) character file.

Game seed: 6230711249949055643

29 Shayle the Skirmisher (level 3, -1/37 HPs)
             Began as an Ogre Warper on Sept 19, 2021.
             Succumbed to an adder's poison
             ... on level 2 of the Dungeon.
             The game lasted 00:03:55 (1239 turns).

Shayle the Skirmisher (Ogre Warper)                 Turns: 1239, Time: 00:03:56

Health: -1/37      AC:  3    Str: 15    XL:     3   Next: 16%
Magic:  7/7        EV:  9    Int: 15    God:
Gold:   49         SH:  0    Dex:  8    Spells: 6/8 levels left

rFire   . . .      SeeInvis .   a - +0 spear
rCold   . . .      Faith    .   (no shield)
rNeg    . . .      Spirit   .   b - +0 robe
rPois   .          Reflect  .   (helmet restricted)
rElec   .          Harm     .   (no cloak)
rCorr   .          Rampage  .   (gloves unavailable)
Will    .....                   (boots unavailable)
Stlth   +.........              (no amulet)
HPRegen 0.12/turn               (no ring)
MPRegen 0.10/turn               (no ring)

@: lethally poisoned (-1 -> -8)
A: large, unfitting armour, tough skin 1
a: no special abilities


You were on level 2 of the Dungeon.
You visited 1 branch of the dungeon, and saw 2 of its levels.

You collected 49 gold pieces.

Inventory:

Hand Weapons
 a - a +0 spear (weapon)
Armour
 b - a +0 robe (worn)
Scrolls
 c - a scroll of blinking
 e - a scroll of identify {unknown}
 f - a scroll of fog {unknown}
 g - a scroll of amnesia {unknown}
 h - a scroll of teleportation {unknown}
 i - a scroll of silence {unknown}
Potions
 j - a potion of resistance {unknown}
 k - a potion of curing {unknown}


   Skills:
 + Level 3.5 Fighting
 + Level 2.5 Polearms
 - Level 1.0 Throwing
 - Level 2.1 Dodging
 + Level 3.0 Spellcasting
 - Level 2.6 Translocations


You had 6 spell levels left.
You knew the following spells:

 Your Spells              Type           Power      Damage    Failure   Level
a - Blink                 Tloc           N/A        N/A       10%         2

Your spell library contained the following spells:

 Spells                   Type           Power      Damage    Failure   Level
 Gell's Gravitas          Tloc           5%         N/A       21%         3
 Lesser Beckoning         Tloc           10%        N/A       21%         3
 Teleport Other           Tloc           10%        N/A       21%         3
 Frozen Ramparts          Ice            4%         1d2       52%         3
 Manifold Assault         Tloc           10%        N/A       88%         5
 Ice Form                 Ice/Tmut       2%         N/A       89%         4
 Summon Ice Beast         Ice/Summ       2%         N/A       89%         4


Dungeon Overview and Level Annotations

Branches:
Dungeon (2/15)

Altars:


Innate Abilities, Weirdness & Mutations

You are too large for most types of armour.
You have tough skin. (AC +1)


Message History

Aim: an adder (moderately wounded, 32% to hit)
You throw a boomerang of dispersal.
The boomerang of dispersal hits the adder.
The adder blinks!
The adder is heavily wounded.
Throw: 4 boomerangs (disperse)
Press: ? - help, Q - select action, (/) - cycle Shift-Dir - straight line, f/p - adder
Aim: an adder (heavily wounded, 32% to hit)
You throw a boomerang of dispersal.
The boomerang of dispersal hits the adder.
The adder blinks!
The adder is almost dead.
Throw: 3 boomerangs (disperse)
Press: ? - help, Q - select action, (/) - cycle Shift-Dir - straight line, f/p - adder
Aim: an adder (almost dead, 32% to hit)
You throw a boomerang of dispersal.
The boomerang of dispersal misses the adder.
The adder bites you.
* * * LOW HITPOINT WARNING * * *
You are lethally poisoned!
The adder poisons you!
Throw: 2 boomerangs (disperse)
Press: ? - help, Q - select action, (/) - cycle Shift-Dir - straight line, f/p - adder
Aim: an adder (almost dead, 32% to hit)
You throw a boomerang of dispersal.
The boomerang of dispersal closely misses the adder.
* * * LOW HITPOINT WARNING * * *
You feel sick. The adder bites you.
* * * LOW HITPOINT WARNING * * *
You are more poisoned.
The adder poisons you! The adder bites you but does no damage.
Throw: boomerang (disperse)
Press: ? - help, Q - select action, (/) - cycle Shift-Dir - straight line, f/p - adder
Aim: an adder (almost dead, 32% to hit)
You throw a boomerang of dispersal.
The boomerang of dispersal closely misses the adder.
* * * LOW HITPOINT WARNING * * *
You feel very sick. The adder bites you but does no damage.
You die...

#.$ ....
#...#######
.........#
#.......# .##
#.......# .#
#....S..##.#
#....@...#.####
#.$...........#
#.........###.
......#
#.........#
.....#
###..####.#
#....# #..# #.#
#....# ####.##
#.# #....#
#....># #.#
#....# #.....#
#.#


You could see an adder.

Vanquished Creatures
  A dart slug (D:1)
  4 ball pythons (D:1)
  2 bats (D:1)
  An endoplasm (D:2)
  2 giant cockroaches (D:1)
  A goblin (D:1)
  3 hobgoblins (D:1)
  2 quokkas (D:1)
  2 frilled lizards (D:1)
  3 kobolds (D:1)
  2 rats (D:1)
23 creatures vanquished.

Notes
Turn   | Place    | Note
-------+----------+-------------------------------------------
     0 | D:1      | Shayle the Ogre Warper began the quest for the Orb.
     0 | D:1      | Reached XP level 1. HP: 22/22 MP: 3/3
   282 | D:1      | Reached XP level 2. HP: 25/31 MP: 5/5
   712 | D:1      | Found a faded altar of an unknown god.
   793 | D:1      | Learned a level 2 spell: Blink
   997 | D:1      | Reached XP level 3. HP: 36/37 MP: 7/7
  1238 | D:2      | HP: 1/37 [poisoned by an adder]
  1239 | D:2      | Succumbed to an adder's poison

Illustrated notes

Levels and vault maps discovered:
D:1:      minmay_arrival_up_and_down, layout_basic,
          shapermc_ecumenical_altar_venn, dk_noncrumbling_3
D:2:      layout_basic, amcnicky_mini_corridor_feature

Skill      XL: |  1  2 |
---------------+-------+-----
Fighting       | 3 |  3.5
Spellcasting   | 3 |  3.0
Polearms       | |  2.5
Throwing       | |  1.0
Dodging        | |  2.1
Translocations | |  2.6

Action                   || total
-------------------------++-------
Melee: Spear             ||    97
Throw: Boomerang         ||     5
Armor: Robe              ||    37
Dodge: Dodged            ||    47

Table legend: (Time is in decaauts)
 A = Elapsed time spent in this place.
 B = Non-inter-level travel time spent in this place.
 C = Inter-level travel time spent in this place.
 D = Time resting spent in this place.
 E = Time spent auto-exploring this place.
 F = Levels seen in this place.
 G = Mean time per level.
                   A        B        C        D        E       F      G
               +--------+--------+--------+--------+--------+-----+--------+
         Total |   1239 |   1199 |     40 |     10 |    917 |   2 |  619.5 |
       Dungeon |   1239 |   1199 |     40 |     10 |    917 |   2 |  619.5 |
               +--------+--------+--------+--------+--------+-----+--------+

Top non-repeatable levels by time:
     D:1: 1184 daAuts
     D:2: 54 daAuts
